 Dungeon Crawl Stone Soup version 0.30-a0-219-gf2db51d15e (webtiles) character file.

Game seed: 15381437232694682756

539 lunkers the Cleaver (level 7, 0/85 HPs)
             Began as a Meteoran Berserker on Oct 6, 2022.
             Was a Believer of Trog.
             Slain by a river rat (4 damage)
             ... summoned by Eustachio
             ... on level 5 of the Dungeon.
             The game lasted 00:04:07 (1181 turns).

lunkers the Cleaver (Meteoran Berserker)            Turns: 1181, Time: 00:04:08

Health: 0/85       AC: 15    Str: 20    XL:     7   Next: 81%
Magic:  8/8        EV: 11    Int:  8    God:    Trog [**....]
Gold:   114        SH:  0    Dex: 15    Spells: 6/6 levels left

rFire   . . .      SeeInvis .    a - +0 hand axe (protect)
rCold   . . .      Faith    .    (no shield)
rNeg    . . .      Spirit   .    g - +2 ring mail {Will+}
rPois   .          Reflect  .    i - +0 helmet
rElec   .          Harm     .    (no cloak)
rCorr   .          Rampage  .    (no gloves)
Will    +++..                    (no boots)
Stlth   ..........               (no amulet)
HPRegen 1.34/turn                (no ring)
MPRegen 0.11/turn                (no ring)

@: berserking, strong-willed, under a protective aura, regenerating, glowing,
very quick
A: sense surroundings 1, otherworldly, glowing, explore regen
a: Renounce Religion, Berserk, Trog's Hand


You were on level 5 of the Dungeon.
You worshipped Trog.
Trog was pleased with you.
You visited 1 branch of the dungeon, and saw 5 of its levels.

You collected 114 gold pieces.

Inventory:

Hand Weapons
 a - a +0 hand axe of protection (weapon)
 o - a +4 mace of protection
Armour
 e - a +0 ring mail
 g - a +2 ring mail of willpower (worn)
 i - a +0 helmet (worn)
Wands
 f - a wand of acid (11)
Scrolls
 c - 2 scrolls of fear
 d - a scroll of teleportation
 k - 3 scrolls of magic mapping {unknown}
 l - 2 scrolls of identify {unknown}
 m - a scroll of acquirement {unknown}
Potions
 b - a potion of ambrosia {unknown}
 h - 2 potions of mutation {unknown}
 j - a potion of attraction {unknown}
 n - a potion of berserk rage
 p - 2 potions of cancellation {unknown}


   Skills:
 - Level 3.2 Fighting
 * Level 9.7 Axes
 - Level 2.4 Armour
 - Level 2.4 Dodging


You had 6 spell levels left.
You didn't know any spells.
Your spell library was empty.

Dungeon Overview and Level Annotations

Branches:
Dungeon (5/15) Zot: 1786
 Temple: D:4-7

Altars:
Xom
The Shining One

Shops:
D:1 [

Annotations:
D:5 Eustachio


Innate Abilities, Weirdness & Mutations

You passively map a small area around you.
You are easily found by Zot.
You glow in the dark.
You regain HP and MP as you explore.


Message History

You closely miss the river rat.
You recover from your berserk rage.
The bat completely misses you.
The white imp hits you but does no damage.
Eustachio hits you with a +0 falchion.
* * * LOW HITPOINT WARNING * * *
The river rat bites you but does no damage.
The bat hits you but does no damage.
You barely miss Eustachio.
Eustachio is almost dead.
You closely miss the gnoll. You hit the white imp. You slash the bat!
You kill the bat!
The bat's corpse disappears in a puff of smoke!
You hit the river rat but do no damage. Eustachio closely misses you.
The gnoll hits you but does no damage. The white imp gestures at you.
The puff of frost hits you.
* * * LOW HITPOINT WARNING * * *
The river rat bites you.
* * * LOW HITPOINT WARNING * * *
You miss Eustachio.
Eustachio is almost dead.
You hit the white imp. You barely miss the river rat.
You barely miss the gnoll. Eustachio hits you with a +0 falchion.
* * * LOW HITPOINT WARNING * * *
The gnoll hits you with a +0 flail.
* * * LOW HITPOINT WARNING * * *
The white imp closely misses you. The river rat bites you!
* * * LOW HITPOINT WARNING * * *
You hit Eustachio but do no damage.
Eustachio is almost dead.
You hit the white imp but do no damage. You hit the river rat.
You hit the gnoll but do no damage. The white imp misses you.
Eustachio barely misses you. The gnoll hits you with a +0 flail.
* * * LOW HITPOINT WARNING * * *
A red film seems to cover your vision as you go berserk!
You feel yourself moving faster!
You feel mighty!
The white imp disappears in a puff of smoke!
The river rat bites you.
You die...

.....#....###....## ,
...........##.....#
...........#......#
........#.##.....#* *
, ....##..#........##
, ,
.......##.#.......# ,
........###.§....## ,
, *
.........##...#§.###
*
........#......§@§.#*
........#...###@rg..#
...†.......##
##.......#
...###....##
##...<... ...#
.....#*, , !...... ,
, ...#*..#..# ,,
....... ,, ,
..###..#...# +
....... ......* ...,
,....$.#* ..#.#. * ..
,


You could see Eustachio, a gnoll and a river rat (summoned).

Vanquished Creatures
  An ogre (D:5)
  A necrophage (D:4)
  2 scorpions
  A jelly (D:4)
  2 iguanas (D:4)
  Ijyb (D:2)
  2 orc wizards (D:5)
  A gnoll (D:5)
  5 adders
  A white imp (D:5)
  2 dart slugs
  4 orcs (D:5)
  3 ball pythons
  2 endoplasms
  A giant cockroach (D:1)
  9 goblins
  3 hobgoblins
  6 jackals
  2 quokkas
  3 bats
  2 frilled lizards (D:2)
  2 kobolds
  4 rats
60 creatures vanquished.

Notes
Turn   | Place    | Note
-------+----------+-------------------------------------------
     0 | D:1      | lunkers the Meteoran Berserker began the quest for the Orb.
     0 | D:1      | Reached XP level 1. HP: 19/19 MP: 2/2
    28 | D:1      | Reached skill level 4 in Axes
    48 | D:1      | Reached XP level 2. HP: 10/26 MP: 3/3
    81 | D:1      | Found Maoterph's Armour Shoppe.
   179 | D:1      | Reached XP level 3. HP: 25/31 MP: 4/4
   246 | D:2      | Reached skill level 5 in Axes
   252 | D:2      | Reached XP level 4. HP: 38/38 MP: 5/5
   342 | D:2      | Reached ** piety under Trog
   423 | D:2      | Noticed Ijyb
   446 | D:2      | Killed Ijyb
   447 | D:2      | Reached skill level 6 in Axes
   447 | D:2      | Reached XP level 5. HP: 23/45 MP: 6/6
   486 | D:2      | You fall into a shaft and drop 1 floor!
   719 | D:4      | Reached skill level 7 in Axes
   719 | D:4      | Reached XP level 6. HP: 51/51 MP: 7/7
   793 | D:4      | Found a glowing golden altar of the Shining One.
   799 | D:4      | Reached skill level 8 in Axes
   814 | D:4      | Reached XP level 7. HP: 56/57 MP: 8/8
  1000 | D:5      | Entered Level 5 of the Dungeon
  1023 | D:5      | Found a shimmering altar of Xom.
  1106 | D:5      | Reached skill level 9 in Axes
  1147 | D:5      | Noticed Eustachio
  1180 | D:5      | HP: 2/57 [gnoll/+0 flail (3)]
  1181 | D:5      | Slain by a river rat

Illustrated notes

Levels and vault maps discovered:
D:1:      minmay_arrival_stair_chambers, layout_basic, serial_shops, shop,
          hellmonk_ecumenical_altar_leap_of_faith
D:2:      kennysheep_the_goblin_king, layout_basic, grunt_ministairs_15,
          chequers_serial_rivers_large_b
D:3:      layout_loops_corners, trog_wizard, serial_shops, shop
D:4:      layout_loops_ring, mainiacjoe_overflow_paths
D:5:      layout_cave_pools, mainiacjoe_overflow_catwalk_spiral,
          serial_gnoll_camp, gnoll_camp_mini_doghouse, grums_kennel,
          gnoll_camp_huts_basic, gnoll_camp_mini_basic, uniq_eustachio

Skill      XL: |  1  2  3  4  5  6  7 |
---------------+----------------------+-----
Axes           | 4 5 6 7 8 9 |  9.7
Fighting       | |  3.2
Armour         | |  2.4
Dodging        | |  2.4

Action                   |  1- 3 |  4- 6 |  7- 9 || total
-------------------------+-------+-------+-------++-------
Melee: Hand axe          |    66 |   129 |    86 ||   281
       Punch             |     1 |       |       ||     1
Invok: Berserk           |     1 |     2 |     3 ||     6
       Trog's Hand       |       |       |     1 ||     1
  Use: Scroll            |     1 |     3 |       ||     4
Armor: Animal skin       |    12 |       |       ||    12
       Ring mail         |     8 |    61 |    81 ||   150
Dodge: Dodged            |    40 |    55 |    68 ||   163

Table legend: (Time is in decaauts)
 A = Elapsed time spent in this place.
 B = Non-inter-level travel time spent in this place.
 C = Inter-level travel time spent in this place.
 D = Time resting spent in this place.
 E = Time spent auto-exploring this place.
 F = Levels seen in this place.
 G = Mean time per level.
                   A        B        C        D        E       F      G
               +--------+--------+--------+--------+--------+-----+--------+
         Total |   1212 |   1166 |     46 |      0 |    528 |   5 |  242.4 |
       Dungeon |   1212 |   1166 |     46 |      0 |    528 |   5 |  242.4 |
               +--------+--------+--------+--------+--------+-----+--------+

Top non-repeatable levels by time:
     D:4: 349 daAuts
     D:2: 312 daAuts
     D:1: 209 daAuts
     D:5: 186 daAuts
     D:3: 154 daAuts
